 Dungeon Crawl Stone Soup version 0.22-a0-848-ge9e22a0 (webtiles) character file.

120 protoss039 the Chopper (level 4, -2/41 HPs)
             Began as a Minotaur Fighter on July 26, 2018.
             Killed by divine providence
             ... invoked by an orc priest
              (12 damage)
             ... on level 3 of the Dungeon.
             The game lasted 00:03:13 (1700 turns).

protoss039 the Chopper (Minotaur Fighter)           Turns: 1700, Time: 00:03:14

Health: -2/41      AC:  6    Str: 26    XL:     4   Next: 75%
Magic:  3/3        EV:  7    Int:  5    God:
Gold:   131        SH: 10    Dex: 10    Spells: 3/3 levels left

rFire    . . .     SeeInvis .   a - +0 war axe
rCold    . . .     Gourm    .   c - +0 shield
rNeg     . . .     Faith    .   b - +0 scale mail
rPois    .         Spirit   .   (helmet restricted)
rElec    .         Reflect  .   (no cloak)
rCorr    .         Harm     .   (no gloves)
MR       .....                  (no boots)
Stlth    ..........             (no amulet)
HPRegen  0.13/turn              (no ring)
MPRegen  0.08/turn              (no ring)

@: mighty
A: retaliatory headbutt, horns 2
a: no special abilities


You were on level 3 of the Dungeon.
You were not hungry.

You visited 1 branch of the dungeon, and saw 3 of its levels.

You collected 131 gold pieces.

Inventory:

Hand Weapons
 a - a +0 war axe (weapon)
 s - a +3 war axe
Armour
 b - a +0 scale mail (worn)
 c - a +0 shield (worn)
Jewellery
 k - an uncursed ring of stealth {unknown}
 m - an uncursed ring of poison resistance {unknown}
Wands
 q - a wand of enslavement (12)
Scrolls
 e - a scroll of immolation {unknown}
 g - 2 scrolls of identify {unknown}
 h - 3 scrolls of teleportation {unknown}
 j - 2 scrolls of remove curse {unknown}
 n - a scroll of noise {unknown}
 o - a scroll of fog {unknown}
 p - a scroll of enchant armour {unknown}
Potions
 i - a potion of agility {unknown}
 r - a potion of flight {unknown}
Comestibles
 f - 4 rations
 l - 11 chunks of flesh


   Skills:
 + Level 4.8 Fighting
 * Level 5.2 Axes
 - Level 3.6 Armour
 - Level 3.6 Shields


You had 3 spell levels left.
You didn't know any spells.
Your spell library was empty.

Dungeon Overview and Level Annotations

Branches:
Dungeon (3/15)

Altars:
The Shining One


Innate Abilities, Weirdness & Mutations

You reflexively headbutt those who attack you in melee.
You have a pair of horns on your head.


Message History

You block the jackal's attack. The orc hits you with a mace.
* * * LOW HITPOINT WARNING * * *
The orc completely misses you. You block the orc priest's attack.
The jackal barely misses you. You furiously retaliate!
You headbutt the jackal!
You kill the jackal!
The orc hits you but does no damage.
Your shield prevents you from hitting the orc priest.
Your headbutt misses the orc priest.
The orc priest is lightly wounded.
You closely miss the orc. You barely miss the orc. You block the orc's attack.
You block the orc priest's attack. The orc barely misses you. x2
Unknown command.
You closely miss the orc priest.
The orc priest is lightly wounded.
You closely miss the orc. x2; The orc priest barely misses you.
The orc barely misses you. You furiously retaliate!
You headbutt the orc!!
You kill the orc!
The orc priest mumbles some strange prayers to Beogh against you.
Beogh smites you!
You die...

..# ..# # ..### ###.#
#...# ### ... ###.#
##.## ###.###### # #.#
##...####.?.....h.
###.###...........###.#
.#..>###...#####..#
#.........## #@)#
########### #.)oo......
# 8# #.#..###.#. ##8...
#.#w.# ##..... . ...#
#>..... #. ..## ##.....
## ..# ##8...8 8## ...#
##8##


You could see an orc priest, a dart slug and an orc.

Vanquished Creatures
  Ijyb (D:3)
  4 adders
  An ooze (D:2)
  3 leopard geckos (D:2)
  5 orcs (D:3)
  2 giant cockroaches
  5 hobgoblins
  8 jackals
  5 kobolds
  2 ball pythons (D:2)
  5 bats
  2 frilled lizards
  3 rats
46 creatures vanquished.

Notes
Turn   | Place    | Note
-------+----------+-------------------------------------------
     0 | D:1      | protoss039 the Minotaur Fighter began the quest for the Orb.
     0 | D:1      | Reached XP level 1. HP: 19/19 MP: 0/0
   248 | D:1      | Reached skill level 3 in Axes
   488 | D:1      | Reached XP level 2. HP: 27/27 MP: 1/1
  1082 | D:2      | Reached XP level 3. HP: 26/33 MP: 2/2
  1084 | D:2      | Reached skill level 4 in Axes
  1409 | D:2      | Found a glowing golden altar of the Shining One.
  1520 | D:3      | Reached XP level 4. HP: 40/41 MP: 3/3
  1589 | D:3      | Noticed Ijyb
  1609 | D:3      | Killed Ijyb
  1611 | D:3      | Reached skill level 5 in Axes
  1700 | D:3      | Killed from afar by an orc priest

Vault maps used:
D:1:      minmay_arrival_stone_box
D:2:      tso_metal_star, kennysheep_nub
D:3:      nicolae_overflow_hidden_temple, chequers_ecumenical_altar_simple,
          item_on_display_a, uniq_sigmund, uniq_ijyb, uniq_grinder

Skill      XL: |  1  2  3  4 |
---------------+-------------+-----
Axes           | 3 4 5 |  5.2
Fighting       | 4 |  4.8
Armour         | |  3.6
Shields        | |  3.6

Action                   |  1- 3 |  4- 6 || total
-------------------------+-------+-------++-------
Melee: War axe           |    63 |    30 ||    93
       Headbutt          |    12 |     3 ||    15
  Use: Potion            |       |     1 ||     1
  Eat: Chunk             |     2 |     1 ||     3
Armor: Scale mail        |    41 |    31 ||    72
Dodge: Dodged            |    32 |    21 ||    53
Block: Shield            |    47 |    22 ||    69

Table legend:
 A = Spawn XP
 B = Non-spawn XP
 C = Spawn XP percentage of total XP
 D = Spawn monster count
 E = Non-spawn monster count
 F = Spawn count percentage of total count
 G = Total turns spent on level
                    A         B        C        D         E        F      G
               +---------+---------+-------+---------+---------+-------+---------
         Total |       0 |     172 |   0.0 |       0 |      46 |   0.0 |  1700
               +---------+---------+-------+---------+---------+-------+---------
           D:1 |       0 |      14 |   0.0 |       0 |       8 |   0.0 |   877
           D:2 |       0 |      82 |   0.0 |       0 |      25 |   0.0 |   640
           D:3 |       0 |      76 |   0.0 |       0 |      13 |   0.0 |   183
               +---------+---------+-------+---------+---------+-------+---------
